 Dungeon Crawl Stone Soup version 0.28-a0-1213-g0243856f03 (webtiles) character file.

Game seed: 14160231592306634647

346 mcbry74 the Cleaver (level 6, -5/50 HPs)
             Began as a Hill Orc Gladiator on Dec 21, 2021.
             Was an Initiate of the Shining One.
             Slain by Duvessa (11 damage)
             ... on level 4 of the Dungeon.
             The game lasted 00:12:44 (4316 turns).

mcbry74 the Cleaver (Hill Orc Gladiator)            Turns: 4316, Time: 00:12:44

Health: -5/50      AC:  4    Str: 18 (19) XL:     6   Next: 59%
Magic:  6/6        EV: 12    Int: 12 (14) God:    the Shining One [......]
Gold:   169        SH:  5    Dex: 12      Spells: 5/5 levels left

rFire   . . .      SeeInvis .   j - +2 mace (vorpal)
rCold   . . .      Faith    .   (no shield)
rNeg    . . .      Spirit   .   b - +0 leather armour
rPois   .          Reflect  +   n - +0 helmet
rElec   .          Harm     .   (no cloak)
rCorr   +          Rampage  .   (no gloves)
Will    .....                   (no boots)
Stlth   +.........              l - amulet of reflection
HPRegen 0.16/turn               f - ring of resist corrosion
MPRegen 0.10/turn               t - +6 ring of intelligence

@: glowing
A: no striking features
a: Renounce Religion


You were on level 4 of the Dungeon.
You worshipped the Shining One.
The Shining One was noncommittal.
You visited 2 branches of the dungeon, and saw 5 of its levels.

You collected 169 gold pieces.

Inventory:

Hand Weapons
 a - a +0 war axe
 g - a +0 hand axe
 i - a +0 flail of holy wrath
 j - a +2 vorpal mace (weapon)
 s - a +0 hunting sling
 y - a +3 spear
Missiles
 e - 46 bolts
 v - 28 arrows
Armour
 b - a +0 leather armour (worn)
 c - a +0 helmet
 n - a +0 helmet (worn)
 w - a +0 tower shield
Jewellery
 f - a ring of resist corrosion (left hand)
 l - an amulet of reflection (around neck)
 t - a +6 ring of intelligence (right hand)
 A - a +6 ring of dexterity
Scrolls
 o - 4 scrolls of identify {unknown}
 q - 3 scrolls of teleportation {unknown}
 r - a scroll of fog {unknown}
 z - a scroll of vulnerability {unknown}
 B - a scroll of blinking {unknown}
 C - a scroll of holy word {unknown}
Potions
 d - 2 potions of magic {unknown}
 h - a potion of flight {unknown}
 k - 3 potions of curing
 m - a potion of lignification {unknown}
 p - a potion of haste {unknown}
 u - a potion of attraction {unknown}


   Skills:
 - Level 2.4 Fighting
 + Level 9.5 Axes
 - Level 1.7 Throwing
 - Level 2.4 Dodging


You had 5 spell levels left.
You didn't know any spells.
Your spell library contained the following spells:

 Spells                   Type           Power      Damage    Failure   Level
 Conjure Flame            Conj/Fire      0%         6-21      75%         3
 Ignite Poison            Fire/Tmut/Pois 0%         N/A       75%         3
 Sticky Flame             Conj/Fire      0%         2d3       98%         4
 Iskenderun's Battlesphe  Conj           0%         2d6       100%        5
 Iron Shot                Conj/Erth      0%         9d1       100%        6
 Spellforged Servitor     Conj/Summ      0%         N/A       100%        7


Dungeon Overview and Level Annotations

Branches:
Dungeon (4/15)             Temple (1/1) D:4

Altars:
Ashenzari
Cheibriados
Dithmenos
Elyvilon
Fedhas
Gozag
Hepliaklqana
Kikubaaqudgha
Makhleb
Nemelex Xobeh
Qazlal
Ru
Sif Muna
Trog
Uskayaw
Vehumet
Wu Jian
Xom
Yredelemnul
Zin
The Shining One

Shops:
D:4 *

Annotations:
D:4 Duvessa


Message History

Duvessa goes berserk!
You hit the kobold.
You kill the kobold!
Duvessa rages.
Throw: throwing net
Press: ? - help, Q - select action Shift-Dir - straight line, f - Duvessa
Aim: Duvessa, wielding a +0 rapier and wearing a +0 leather armour of positive energy (berserk, 61% to hit)
You throw a throwing net. The throwing net hits Duvessa.
Duvessa is caught in the net!
Duvessa struggles against the net.
Duvessa struggles against the net. x2
You hit Duvessa.
Duvessa is lightly wounded.
Duvessa struggles against the net.
The net rips apart, and Duvessa comes free!
Duvessa hits you with a +0 rapier!
You hit Duvessa.
Duvessa is lightly wounded.
You block Duvessa's attack.
You hit Duvessa.
Duvessa is lightly wounded.
Duvessa hits you with a +0 rapier! x2
* * * LOW HITPOINT WARNING * * *
You hit Duvessa.
Duvessa is moderately wounded.
You block Duvessa's attack. Duvessa hits you with a +0 rapier.
* * * LOW HITPOINT WARNING * * *
You barely miss Duvessa.
Duvessa is lightly wounded.
Duvessa misses you.
You feel much better. Duvessa hits you with a +0 rapier!
Duvessa barely misses you.
You hit Duvessa but do no damage.
Duvessa is lightly wounded.
Duvessa hits you with a +0 rapier!
* * * LOW HITPOINT WARNING * * *
You closely miss Duvessa.
Duvessa is lightly wounded.
Duvessa closely misses you. Duvessa hits you with a +0 rapier!
You die...

#..#.#.#..## ##.#.#.#....
########...#...)#.
...........#...#.. .
##############.##...#..
.......................##
....#...#########.##.....
........#######...##.....
..?...)e@.....#'#..#.....
.......###....#∩#..#.....
....... #....###..#.....
........ #.........#....>
#...#######..........#'###
... #................#.# #
##..#.......######...#.# #
............# #...#.# #
#..........# #...#.# #


You could see Duvessa (berserk).

Vanquished Creatures
  A necrophage (D:3)
  Dowan (D:4)
  An orc priest (D:4)
  3 gnolls
  5 adders
  A shadow imp (Temple)
  An ufetubus (Temple)
  2 worms (D:3)
  2 dart slugs
  4 orcs
  5 endoplasms
  6 giant cockroaches
  6 hobgoblins
  8 kobolds
  A quokka (D:4)
  7 ball pythons
  9 bats
  5 frilled lizards
  9 goblins
  9 rats
86 creatures vanquished.

Notes
Turn   | Place    | Note
-------+----------+-------------------------------------------
     0 | D:1      | mcbry74 the Hill Orc Gladiator began the quest for the Orb.
     0 | D:1      | Reached XP level 1. HP: 18/18 MP: 1/1
   188 | D:1      | Reached XP level 2. HP: 25/25 MP: 2/2
   242 | D:1      | Reached skill level 5 in Axes
   499 | D:1      | Found a sacrificial altar of Ru.
   504 | D:1      | Reached XP level 3. HP: 30/30 MP: 3/3
  1487 | D:2      | Reached skill level 6 in Axes
  1889 | D:3      | Noticed a necrophage
  1899 | D:3      | Killed a necrophage
  1900 | D:3      | Reached skill level 7 in Axes
  1900 | D:3      | Reached XP level 4. HP: 37/37 MP: 4/4
  1900 | D:3      | Reached XP level 5. HP: 42/42 MP: 5/5
  2622 | D:3      | Reached skill level 8 in Axes
  2989 | D:3      | Reached XP level 6. HP: 35/50 MP: 6/6
  3237 | D:4      | Found a staircase to the Ecumenical Temple.
  3248 | Temple   | Entered the Ecumenical Temple
  3906 | Temple   | Became a worshipper of the Shining One
  4067 | D:4      | Reached skill level 9 in Axes
  4180 | D:4      | Found Zir Jept's Assorted Antiques.
  4202 | D:4      | Noticed Dowan
  4235 | D:4      | Killed Dowan
  4302 | D:4      | Noticed Duvessa
  4316 | D:4      | Slain by Duvessa

Illustrated notes

Levels and vault maps discovered:
D:1:      minmay_arrival_three_doors, layout_loops_ring, chequers_mini_garden,
          corexii_corridor_pit, kennysheep_flooded_box
D:2:      layout_basic
D:3:      minmay_chambers_of_threes, layout_basic
D:4:      layout_basic, minmay_temple_entry_mini_moons, serial_shops,
          kennysheep_mini, supply_closet_lemuel, kennysheep_generic_room_11,
          uniq_edmund, uniq_duvessa
Temple:   mainiacjoe_temple_trianglar_array

Skill      XL: |  1  2  3  4  5  6 |
---------------+-------------------+-----
Axes           | 5 7 8 9 |  9.5
Fighting       | |  2.4
Throwing       | |  1.7
Dodging        | |  2.4

Action                   |  1- 3 |  4- 6 || total
-------------------------+-------+-------++-------
Melee: War axe           |     9 |       ||     9
       Hand axe          |     7 |       ||     7
       Mace              |    67 |   151 ||   218
Throw: Throwing net      |     1 |     3 ||     4
  Use: Potion            |       |     4 ||     4
 Stab: Sleeping          |     2 |       ||     2
       Held in net/web   |     1 |       ||     1
Armor: Leather armour    |    23 |    44 ||    67
Dodge: Dodged            |    33 |   132 ||   165
Block: Other             |    10 |    61 ||    71
       Reflection        |     1 |       ||     1

Table legend: (Time is in decaauts)
 A = Elapsed time spent in this place.
 B = Non-inter-level travel time spent in this place.
 C = Inter-level travel time spent in this place.
 D = Time resting spent in this place.
 E = Time spent auto-exploring this place.
 F = Levels seen in this place.
 G = Mean time per level.
                   A        B        C        D        E       F      G
               +--------+--------+--------+--------+--------+-----+--------+
         Total |   4367 |   4127 |    240 |   1054 |   2252 |   5 |  873.4 |
       Dungeon |   3558 |   3332 |    226 |    669 |   1889 |   4 |  889.5 |
        Temple |    808 |    794 |     14 |    385 |    363 |   1 |  808.0 |
               +--------+--------+--------+--------+--------+-----+--------+

Top non-repeatable levels by time:
     D:2: 1582 daAuts
     D:3: 887 daAuts
  Temple: 808 daAuts
     D:1: 807 daAuts
     D:4: 280 daAuts
